 Dungeon Crawl Stone Soup version 0.31.0-12-g77e489cdc1 (webtiles) character file.

Game seed: 12112922003717298622

29 Gadfly the Covered (level 3, -1/30 HPs)
             Began as an Armataur Fighter on Mar 1, 2024.
             Slain by a kobold
             ... wielding a +0 whip
              (5 damage)
             ... on level 2 of the Dungeon.
             The game lasted 00:01:00 (455 turns).

Gadfly the Covered (Armataur Fighter)                Turns: 455, Time: 00:01:00

Health: -1/30      AC:  9    Str: 21    XL:     3   Next: 1%
Magic:  3/3        EV:  5    Int:  8    God:
Gold:   42         SH:  4    Dex: 11    Spells: 2/2 levels left

rFire   . . .        a - +0 flail
rCold   . . .        c - +0 buckler
rNeg    . . .        f - +0 chain mail
rPois   .            b - +0 helmet
rElec   .            (no cloak)
rCorr   .            (no gloves)
SInv    .            (no barding)
Will    .....        (no amulet) Stlth
                     (no ring)
HPRegen 0.25/turn    (no ring)
MPRegen 0.08/turn

%: roll
@: no status effects
A: large, deformed body, tough skin 3, armoured tail, roll 1
a: no special abilities


You were on level 2 of the Dungeon.
You visited 1 branch of the dungeon, and saw 2 of its levels.

You collected 42 gold pieces.

Inventory:

Hand Weapons
 a - a +0 flail (weapon)
Armour
 b - a +0 helmet (worn)
 c - a +0 buckler (worn)
 f - a +0 chain mail (worn)
Scrolls
 e - a scroll of silence {unknown}
 g - 2 scrolls of identify {unknown}
 h - a scroll of vulnerability {unknown}
 j - a scroll of blinking {unknown}
Potions
 d - a potion of might
 i - 3 potions of curing {unknown}


   Skills:
 + Level 2.8 Fighting
 * Level 2.1 Maces & Flails
 + Level 3.8 Armour
 + Level 3.4 Shields
 * Level 1.1 Invocations
 * Level 1.0 Evocations


You had 2 spell levels left.
You didn't know any spells.
Your spell library was empty.

Dungeon Overview and Level Annotations

Branches:
Dungeon (2/15)

Altars:

Annotations:
D:1 1 runed translucent door


Innate Abilities, Weirdness & Mutations

Armour fits poorly on your strangely shaped body.
You have extremely tough skin. (AC +3)
You have a long armoured tail.
You regenerate magic when rolling toward enemies. (Rampage MPRegen)


Message History

You miss the adder.
The adder is severely wounded.
You feel sick. The adder bites you but does no damage.
The kobold hits you but does no damage. The adder barely misses you.
You barely miss the adder.
The adder is severely wounded.
You feel sick.
You are no longer poisoned.
The kobold barely misses you. The adder bites you but does no damage.
You block the kobold's attack.
You miss the adder.
The adder is severely wounded.
The adder completely misses you. The adder bites you but does no damage.
The kobold hits you but does no damage.
You closely miss the adder.
The adder is severely wounded.
The adder bites you.
The kobold hits you with a +0 short sword.
* * * LOW HITPOINT WARNING * * *
The adder bites you but does no damage. The kobold hits you but does no damage.
You hit the adder.
You kill the adder!
The kobold closely misses you.
Your Invocations skill increases to level 1!
Your Evocations skill increases to level 1!
You have reached level 3!
Your experience leads to an increase in your attributes!
Increase (S)trength, (I)ntelligence, or (D)exterity?
You feel agile. x2
You closely miss the kobold. The kobold barely misses you.
You closely miss the kobold. The kobold hits you but does no damage.
The kobold hits you with a +0 short sword.
* * * LOW HITPOINT WARNING * * *
The kobold barely misses you.
You barely miss the kobold. The kobold hits you but does no damage.
The kobold hits you with a +0 short sword.
* * * LOW HITPOINT WARNING * * *
You closely miss the kobold.
Your tail-slap misses the kobold.
The kobold hits you with a +0 whip.
You die...

#..####...####.##.#
###.#####.##.##.#
###................
............##.##.#
.........#### #
###......# ##.#..##
# ##.# #@.#
#..KK.......
.........###...
.........# .
#.#......# #
##..#... #####.# .#


You could see 2 kobolds.

Vanquished Creatures
  An adder (D:2)
  2 dart slugs (D:1)
  An endoplasm (D:1)
  A giant cockroach (D:2)
  A goblin (D:2)
  A hobgoblin (D:2)
  3 jackals (D:2)
  A quokka (D:1)
  2 ball pythons (D:1)
  A bat (D:1)
  A rat (D:2)
15 creatures vanquished.

Notes
Turn   | Place    | Note
-------+----------+-------------------------------------------
     0 | D:1      | Gadfly the Armataur Fighter began the quest for the Orb.
     0 | D:1      | Reached XP level 1. HP: 18/18 MP: 1/1
     0 | D:1      | Noticed a jelly
     1 | D:1      | Found a runed translucent door.
   193 | D:1      | Reached XP level 2. HP: 23/25 MP: 2/2
   309 | D:1      | You fall into a shaft and drop 1 floor!
   452 | D:2      | Reached skill level 1 in Invocations
   452 | D:2      | Reached skill level 1 in Evocations
   452 | D:2      | Reached XP level 3. HP: 9/30 MP: 3/3
   455 | D:2      | Slain by a kobold

Illustrated notes

Levels and vault maps discovered:
D:1:      dpeg_arrival_caged_fury, layout_basic,
          hellmonk_ecumenical_altar_zigzags
D:2:      layout_loops_ring, basic_altar, nicolae_half_adder

Skill      XL: |  1  2 |
---------------+-------+-----
Maces & Flails | 2 |  2.1
Invocations    | 1 |  1.1
Evocations     | 1 |  1.0
Fighting       | |  2.8
Armour         | |  3.8
Shields        | |  3.4

Action                     || total
---------------------------++-------
  Melee: Flail             ||    50
         Tailslap          ||     1
 Armour: Chain mail        ||    61
  Dodge: Dodged            ||    17
  Block: Buckler           ||     6
